cohdb
Replays
Latest Replays
All Replays
Popular Replays
Top Player Replays
Match Explorer
How It Works
Community
CoH3 Stats
Reddit
Sign in to upload your games and track your stats! →
Sign in with Steam
Match 38715129
Unlisted
Match 38715129
Overview
Messages
Build Orders
End
Construct Weapon Support Center
Selects Airborne Battlegroup
Selects Pathfinders
Pathfinder Squad
M1919 Machine Gun Team
Sniper
Selects Paratrooper Squad Paradrop
Paratrooper Squad Paradrop
Mechanized Support Center
M3 75 mm Gun Motor Carriage
Paratrooper Squad Paradrop
BananaInPajamas
Bego
sharpshooter
Cool Whhip
0
0
Comments
sign in to comment!
No comments posted yet!